cohdb
Replays
Latest Replays
All Replays
Popular Replays
Top Player Replays
Match Explorer
How It Works
Community
CoH3 Stats
Reddit
Sign in to upload your games and track your stats! →
Sign in with Steam
Match 39353009
Unlisted
Match 39353009
Overview
Messages
Build Orders
End
Royal Engineer Section
Construct Section Command Post
Selects Heavy Armor Battlegroup
Dingo Light Scout Car
Infantry Section
Vickers Machine Gun Team
Construct Platoon Command Post
Humber Armored Car
6-pounder Anti-tank Gun Team
CMP 15cwt Truck
Selects Light Vehicle Withdraw and Refit
Selects Engineer Detachments
Light Vehicle Withdraw and Refit
CMP 15cwt Truck
Infantry Section
Infantry Section
Frank S-Deel Soldier
Maup
^3
DIV 250 BigBoss
0
0
Comments
sign in to comment!
No comments posted yet!